AoeStats
← Zé Gui

Fortress

510199538Analyzed
4v4 RM · 1d ago on Sep 29, 2026· 55m 50s· 8 players
Game mode
Random Map
Map size
Huge
Population
200
Speed
Normal
Resources
Standard
Victory
Conquest
Starting age
Dark Age
Ending age
Imperial Age
RankedLock teamsTeams togetherTeam positionsShared explorationLock speedFull tech treeHidden civsTurbo modeCheats
Victory
Defeat
🇨🇦 Varangians · Canada
1193
+13
🇺🇸 Danes · United States
1157
+15
🇪🇸 Vikings · Spain
1122
+16
🇧🇷 Bohemians · Brazil
1119
+16
🇵🇹 Turks · Portugal
1162
-16
🇨🇿 Franks · Czechia
1126
-15
🇨🇳 Danes · China
1118
-15
🇺🇸 Japanese · United States
1102
-14
MonsterSmeat
1:07 Loom
7:06 Feudal Age
7:49 Double-Bit Axe
7:48 Horse Collar
12:30 Castle Age
10:48 Gold Mining
11:51 Forging
14:32 Scale Mail Armor
14:49 Squires
15:05 Arson
27:00 Imperial Age
25:12 Pikeman
27:03 Wheelbarrow
26:53 Bow Saw
26:57 Heavy Plow
30:07 Conscription
30:26 Hand Cart
30:20 Gambesons
33:30 Elite Samurai
36:23 Iron Casting
37:22 Bloodlines
37:13 Husbandry
36:34 Light Cavalry
38:35 Two-Man Saw
38:10 Chain Mail Armor
38:55 Blast Furnace
39:51 Scale Barding Armor
43:20 Yasama
43:17 Elite Skirmisher
44:34 Fletching
44:44 Padded Archer Armor
47:22 Thumb Ring
47:15 Crossbowman
48:30 Fletching
49:46 Padded Archer Armor
49:42 Bodkin Arrow
50:32 Arbalester
Zé Gui
9:06 Feudal Age
8:31 Loom
10:12 Double-Bit Axe
10:26 Gold Mining
13:16 Castle Age
11:36 Padded Archer Armor
11:48 Double-Bit Axe
17:46 Imperial Age
18:03 Gold Shaft Mining
27:35 Leather Archer Armor
30:59 Ring Archer Armor
30:57 Bow Saw
32:03 Fletching
35:32 Artillery
37:39 Horse Collar
39:26 Wheelbarrow
38:48 Elite Janissary
43:14 Caravan
44:06 Conscription
45:37 Two-Man Saw
48:30 Fortified Wall
50:38 Bodkin Arrow
54:55 Ballistics
Nicholas Li
8:06 Feudal Age
8:59 Double-Bit Axe
12:36 Castle Age
10:41 Horse Collar
11:21 Stone Mining
11:39 Gold Mining
13:03 Wheelbarrow
14:16 Arson
15:48 Squires
16:22 Scale Mail Armor
17:52 Loom
17:53 Town Watch
19:09 Bow Saw
19:37 Heavy Plow
21:05 Gold Shaft Mining
21:16 Forging
30:21 Imperial Age
28:08 Hamask
30:57 Stone Shaft Mining
31:04 Chain Mail Armor
31:56 Conscription
32:26 Hand Cart
33:01 Plate Mail Armor
32:00 Elite Jomsviking
39:16 Iron Casting
38:40 Gambesons
47:48 Blast Furnace
47:15 Ballistics
47:57 Chemistry
47:32 Heavy Scorpion
53:39 Onager
marek.rihu
7:53 Feudal Age
11:57 Castle Age
10:48 Double-Bit Axe
12:52 Bow Saw
15:35 Wheelbarrow
16:35 Gold Mining
21:55 Fletching
22:05 Padded Archer Armor
22:11 Scale Barding Armor
22:16 Forging
25:08 Imperial Age
24:06 Hand Cart
24:02 Forging
23:58 Scale Barding Armor
25:04 Husbandry
25:23 Loom
25:51 Scale Barding Armor
26:22 Iron Casting
25:12 Cavalier
27:59 Chain Barding Armor
28:47 Blast Furnace
28:02 Paladin
29:54 Plate Barding Armor
29:39 Caravan
36:47 Gambesons
44:25 Conscription
44:18 Chivalry
49:55 Fletching
50:05 Padded Archer Armor
VadersSon2004
7:21 Feudal Age
9:10 Double-Bit Axe
11:35 Castle Age
10:21 Horse Collar
13:21 Wheelbarrow
16:34 Loom
16:49 Gold Mining
17:04 Heavy Plow
18:05 Town Watch
18:33 Bow Saw
19:48 Gold Shaft Mining
20:58 Fletching
21:03 Stone Mining
25:25 Imperial Age
23:39 Hand Cart
24:01 Bodkin Arrow
27:02 Conscription
26:03 Elite Jomsviking
27:24 Forging
28:23 Squires
28:08 Arson
27:50 Hamask
29:15 Town Patrol
29:36 Scale Mail Armor
30:11 Iron Casting
30:39 Chain Mail Armor
31:42 Stone Shaft Mining
32:32 Blast Furnace
32:19 Gambesons
33:14 Plate Mail Armor
37:25 Onager
39:22 Hoardings
39:05 Bracer
41:30 Capped Ram
44:24 Siege Ram
46:35 Caravan
48:04 Ballistics
48:44 Chemistry
47:50 Padded Archer Armor
EightyNine
7:05 Feudal Age
11:29 Castle Age
14:05 Double-Bit Axe
14:08 Horse Collar
19:21 Loom
19:22 Town Watch
22:34 Scale Barding Armor
23:08 Wheelbarrow
22:58 Scale Mail Armor
23:13 Forging
23:58 Bloodlines
25:05 Chain Barding Armor
25:00 Husbandry
27:24 Hand Cart
29:12 Iron Casting
33:32 Imperial Age
31:20 Heavy Plow
33:41 Elite Jarl
35:55 Plate Barding Armor
36:30 Conscription
39:00 Blast Furnace
43:57 Caravan
46:30 Fletching
50:16 Cavalier
50:22 Light Cavalry
50:32 Vendel Legacy
53:28 Hussar
COBREL8A
6:44 Feudal Age
8:12 Horse Collar
11:08 Castle Age
9:17 Horse Collar
11:53 Heavy Plow
13:44 Double-Bit Axe
15:31 Loom
18:45 Bow Saw
19:33 Town Watch
25:28 Imperial Age
23:24 Elite Skirmisher
25:17 Town Patrol
28:01 Fletching
28:11 Padded Archer Armor
28:47 Bodkin Arrow
48:28 Conscription
MADdu
6:23 Feudal Age
11:27 Castle Age
9:36 Double-Bit Axe
13:22 Bow Saw
13:05 Horse Collar
13:22 Loom
22:28 Heavy Plow
24:24 Chemistry
29:02 Imperial Age
31:11 Scale Mail Armor
38:58 Pikeman
39:38 Squires
Connection lost

Rejoining the realm…

Still unreachable

The connection could not be restored.

Session expired

The server has moved on; the page needs a fresh start.